[Event "3rd VIZAG GM-Open 2022"]
[Site "Visakapatnam"]
[Date "2022.06.13"]
[Round "2.2"]
[White "Ramakrishna, J.."]
[Black "Paichadze, Luka"]
[Result "0-1"]
[ECO "C00"]
[WhiteElo "2070"]
[BlackElo "2567"]
[Annotator "TA"]
[PlyCount "81"]
[EventDate "2022.06.13"]
[EventType "swiss"]
[EventCountry "IND"]
[SourceTitle "playchess.com"]
[Source "ChessBase"]
[SourceQuality "1"]
[TimeControl "5400+30"]

1. Nf3 Nf6 2. g3 b5 3. Bg2 Bb7 4. O-O e6 5. d3 d5 6. Nbd2 Be7 7. e4 O-O 8. e5 Nfd7 9. Re1 c5 10. Nf1 Nc6 11. h4 Qc7 12. Bf4 Rfc8 {[%emt 0:00:35] C00: French: Unusual White 2nd moves.} 13. N1h2 a5 14. h5 h6 $1 {[%emt 0:00:41] Black is slightly better.} 15. Ng4 Qd8 16. c3 {[%emt 0:04:28] [#]} a4 $146 ({Predecessor:} 16... Bf8 17. Qd2 b4 18. c4 Ne7 19. Nh4 Rab8 20. Rac1 a4 21. Qe2 Nc6 22. cxd5 Nd4 {1-0 (46) Praggnanandhaa,R (2517)-Kumar,N (2271) Stockholm 2017}) 17. a3 Na5 18. Nd2 Bc6 {[%emt 0:01:25] Black keeps a firm grip on the game.} 19. Bh3 Qf8 20. Be3 b4 21. c4 dxc4 22. dxc4 Rab8 23. axb4 (23. Qc2 $17) 23... Rxb4 $19 24. Qc2 Rcb8 25. Ra2 Nb3 26. Bg2 Bxg2 27. Kxg2 Nb6 28. Ne4 (28. f3 $142) 28... Rxc4 29. Qb1 Nd5 30. Rd1 Nd4 31. Qd3 Rcb4 32. Bc1 (32. Nc3 {was necessary.}) 32... Rb3 33. Qf1 Qe8 {[%emt 0:00:39] [#] Hoping for ...Qc6.} 34. Nh2 $2 (34. Nd2 R3b4 35. Ne4) 34... Qc6 35. f3 Ne3+ 36. Bxe3 Rxe3 37. Re1 Qd5 38. Rxa4 Rxb2+ 39. Kg1 Rxe1 40. Qxe1 Rxh2 41. Qd1 {[%emt 0:01:38] Weighted Error Value: White=0.72/Black=0.28 (precise)} (41. Rxd4 $19 cxd4 42. Kxh2) 0-1

[Event "3rd VIZAG GM-Open 2022"]
[Site "Visakapatnam"]
[Date "2022.06.13"]
[Round "2.3"]
[White "Harsha Bharathakoti"]
[Black "Manish Anto Cristiano F"]
[Result "1-0"]
[ECO "D10"]
[WhiteElo "2547"]
[BlackElo "2071"]
[Annotator "TA"]
[PlyCount "97"]
[EventDate "2022.06.13"]
[EventType "swiss"]
[EventCountry "IND"]
[SourceTitle "playchess.com"]
[Source "ChessBase"]
[SourceQuality "1"]
[TimeControl "5400+30"]

1. d4 d5 2. c4 c6 3. cxd5 cxd5 4. Bf4 Nf6 5. Nc3 e6 6. e3 Bd6 7. Bxd6 Qxd6 8. f4 {[%emt 0:00:02] D10: Slav Defence: 3 cxd5 (without early Nf3) and 3 Nc3.} a6 9. Bd3 b5 10. Nf3 {[%emt 0:00:07] The position is equal.} Bb7 11. O-O O-O 12. Ne5 Ne4 {[%emt 0:05:28] [#]} 13. Qf3 $146 ({Predecessor:} 13. a4 f6 14. Nf3 b4 15. Na2 a5 16. Nc1 Nd7 17. Nb3 Rfc8 18. Qe2 Qb6 19. Bb5 {½-½ (30) Kosic,D (2452)-Ilincic,Z (2422) Budapest 2020}) 13... f5 (13... Nxc3 {looks sharper.} 14. bxc3 Nd7 15. Qh3 h6) 14. Bxe4 dxe4 15. Qe2 Nd7 16. Rfd1 Rac8 17. Rac1 Rc7 18. a3 Rfc8 19. Qd2 Nb6 20. Ne2 Nc4 21. Nxc4 Rxc4 22. Rxc4 Rxc4 23. Rc1 Qc7 24. Rxc4 Qxc4 $11 {[%emt 0:00:10][%mdl 4096] Endgame KQB-KQN} 25. Kf2 Bd5 26. h3 Qc7 27. g4 g6 28. gxf5 gxf5 29. Kg3 Qc4 30. Kf2 Qc7 31. Nc3 Qc4 32. Qe2 Qb3 33. Kg3 Bc4 34. Qg2 a5 35. Kh4+ Kf7 {[%emt 0:00:07] [#] aiming for ...b4.} 36. Qd2 (36. Qg5 $11) 36... b4 $15 37. axb4 axb4 38. Nd1 {[%emt 0:00:02][%mdl 8192] [#]} ({White must play} 38. Nb1 $1 $15) 38... Qd3 $1 $19 39. Qxb4 Qxd1 $2 (39... Qf1 $19 {Strongly threatening ...Be2.} 40. Qd2 Be2) 40. Qxc4 {[%emt 0:00:08] KQ-KQ} Qe1+ 41. Kh5 Kf6 $2 (41... Qxe3 $11 42. Qc7+ Kg8 43. Qd8+ Kf7 44. Qc7+ Kg8 45. Qd8+ Kf7 46. Qc7+) 42. Qc3 Qe2+ 43. Kh6 {[%emt 0:00:05] White threatens d5+ and mate.} Kf7 (43... Ke7 $142 44. Qc7+ Kf8) 44. Qc7+ $18 Ke8 45. Qc8+ (45. Kg7 $142 Qh5 46. Kf6 Qg6+ 47. Ke5 Qg2 48. Kxe6 Qg8+ 49. Ke5 Qh8+ 50. Kxf5 Qf8+ 51. Kxe4) 45... Ke7 46. Qc7+ $2 (46. d5 $18 exd5 47. Qc7+ (47. Qxf5 Qxe3 48. Qe5+ Kf8 $11) 47... Ke8 48. Qe5+ Kf8 49. Qxf5+ Ke8 50. Qc8+ (50. Qxh7 Qxe3 51. Kg5 Qd4 $11) 50... Ke7 51. Qc5+ (51. Kxh7 Qh5+ 52. Kg7 Qf7+ 53. Kh6 Qf8+ 54. Qxf8+ Kxf8 $11) 51... Ke8 52. f5 (52. Kxh7 Qh5+ 53. Kg7 Qf7+ 54. Kh6 Qf8+ 55. Qxf8+ Kxf8 $11) 52... Qa6+ 53. Kxh7) 46... Ke8 47. Kg7 Qh5 48. Qc8+ Ke7 49. Qf8+ {[%emt 0:00:03] Weighted Error Value: White=0.53/Black=0.43} 1-0

[Event "3rd VIZAG GM-Open 2022"]
[Site "Visakapatnam"]
[Date "2022.06.13"]
[Round "2.4"]
[White "Krishnan Ritvik"]
[Black "Savchenko, Boris"]
[Result "0-1"]
[ECO "B81"]
[WhiteElo "2023"]
[BlackElo "2524"]
[Annotator "TA"]
[PlyCount "60"]
[EventDate "2022.06.13"]
[EventType "swiss"]
[EventCountry "IND"]
[SourceTitle "playchess.com"]
[Source "ChessBase"]
[SourceQuality "1"]
[TimeControl "5400+30"]

1. e4 c5 2. Nf3 d6 3. d4 cxd4 4. Nxd4 Nf6 5. Nc3 a6 6. h3 e6 7. g4 h6 {[%emt 0:00:06] B81: Sicilian Scheveningen: Keres Attack.} 8. f4 b5 {[%emt 0:00:15] Hoping for ...b4.} 9. Bg2 {[%emt 0:01:33] Threatens to win with e5.} Bb7 {[%emt 0:11:40] The position is equal.} 10. a3 Nbd7 11. O-O Rc8 12. Qe2 {[%emt 0:11:15] [#]} Nb6 $146 (12... Rc4 $11 13. Nb3 Qc7) ({Predecessor:} 12... e5 13. Nf5 g6 14. Ne3 exf4 15. Rxf4 Bg7 16. a4 bxa4 17. e5 dxe5 18. Bxb7 exf4 {½-½ (47) Naiditsch,A (2663)-Shomoev,A (2556) Moscow 2007}) 13. g5 $1 $14 e5 14. gxf6 (14. Nf5 $5 hxg5 15. fxg5 $14) 14... exd4 {[%emt 0:00:38] [#]} 15. e5 $1 Bxg2 $1 16. exd6+ Kd7 17. Qxg2 {[%emt 0:06:37] Strongly threatening Qb7+.} dxc3 $4 (17... Bxd6 $11 {and Black is okay.} 18. fxg7 dxc3 $1 19. gxh8=N (19. gxh8=B Qxh8 20. Kh1 cxb2 $11) 19... Qxh8) 18. Qb7+ $1 $18 (18. fxg7 Bxg7 $1 19. Be3 (19. Qxg7 $2 Rg8 $19) (19. Qg4+ $2 Kc6 $19) 19... Rg8 $17) 18... Ke6 19. Be3 $1 {[%emt 0:05:18] White threatens f5+ and mate.} Nd5 $2 (19... cxb2 20. f5+ (20. Rae1 Kxf6 21. Bd4+ Kg6 $11) 20... Ke5 21. Rae1 Kxd6 22. Rd1+ Ke5 23. Rxd8 Rxd8 24. Qxf7) (19... Kxf6 20. Rad1 (20. Bd4+ Kg6 $11) 20... Nd7) 20. f5+ Ke5 {[%emt 0:01:41] [#]} 21. Bd4+ $1 Kxd6 22. Rad1 $2 {[%emt 0:00:36] [#]} (22. Bf2 $18 {Rad1 would kill now.} Rc7 23. Qxa6+ Kd7 24. Rad1) 22... Qc7 $1 $17 23. Qxa6+ Qc6 24. Qa7 gxf6 (24... Rc7 $17 25. Qb8 cxb2) 25. Rfe1 $2 (25. Qxf7 Qd7 26. Be5+ Kc6 27. Qxd7+ Kxd7 $17) (25. Bxf6 $15 Rc7 26. Be5+ Kxe5 27. Qd4+ Kd6 28. Qxh8 Qc5+ 29. Kh1) 25... Rg8+ $19 {[%emt 0:01:03][%cal Bh8g8,Bg8g5,Bg5f5][%mdl 32] Black is clearly winning.} 26. Kf2 Rg5 {[%emt 0:01:06] And now ...cxb2 would win.} 27. Qxf7 Rxf5+ ({Don't go for} 27... Qd7 $2 28. Re6+ (28. Be5+ $2 Kc6 $19) 28... Kc7 29. Bb6+ (29. Rxf6 $2 Nxf6 30. Be5+ Bd6 $19) 29... Nxb6 30. Rxd7+ Nxd7 31. b4 $19) 28. Kg1 Qd7 {[%emt 0:00:57] Prevents Re6+.} 29. Bc5+ Kc7 30. Bb6+ {[%emt 0:01:32] [#]} Kc6 $1 {[%emt 0:00:10] Black used his chance.  Weighted Error Value: White=0.69/Black=0.40} ({And not} 30... Nxb6 31. Rxd7+ Nxd7 32. Rd1 $17) 0-1

[Event "3rd VIZAG GM-Open 2022"]
[Site "Visakapatnam"]
[Date "2022.06.13"]
[Round "2.5"]
[White "Fedorov, Alexei"]
[Black "Nguyen, Thanh Thuy Tien"]
[Result "1-0"]
[ECO "B20"]
[WhiteElo "2529"]
[BlackElo "1996"]
[Annotator "TA"]
[PlyCount "79"]
[EventDate "2022.06.13"]
[EventType "swiss"]
[EventCountry "IND"]
[SourceTitle "playchess.com"]
[Source "ChessBase"]
[SourceQuality "1"]
[TimeControl "5400+30"]

1. e4 {[%emt 0:02:04] Babula,V} c5 2. Ne2 d6 3. g3 Nc6 4. Bg2 g6 5. c3 h5 6. h3 {[%emt 0:02:52] B20: Sicilian: Unusual White 2nd moves.} e5 7. d4 {[%emt 0:01:17] [#]} exd4 $146 ({Predecessor:} 7... Bg7 8. Be3 b6 9. Na3 Nge7 10. dxc5 dxc5 11. Qxd8+ Nxd8 12. Nb5 O-O 13. Nc7 Rb8 {½-½ (40) Vallejo Pons,F (2650)-Nakamura,H (2644) Cuernavaca 2006 CBM 112 [Babula,V]}) 8. cxd4 {[%emt 0:00:08] White is slightly better.} Bg7 9. dxc5 dxc5 10. Qxd8+ Kxd8 11. Nbc3 {[%emt 0:00:28][%cal Bb1c3,Bc3b5,Bb5d6,Bd6b7,Bb7c5,Bc5b3,Bb3d4,Bd4c6,Bc6b4][%mdl 32] White leaves nothing to chance now.} Nd4 12. Nxd4 cxd4 {[%emt 0:01:04] [#]} 13. Nb5 Bd7 (13... Ne7 $16) 14. Nd6 $18 Ke7 15. Nxb7 Rb8 16. Nc5 Bb5 17. Bg5+ f6 18. Bf4 Rc8 19. Nb3 d3 20. Nd4 Ba6 21. Rc1 Rxc1+ 22. Bxc1 Nh6 23. Nc6+ Kd6 {[%emt 0:02:24] [#]} 24. Nb4 ({But not} 24. Nxa7 Nf7 25. Be3 h4 26. gxh4 Rxh4) 24... Bb5 25. Bf1 f5 26. Bxd3 Bxd3 27. e5+ (27. Nxd3 $18 {Strongly threatening Nf4.} fxe4 28. Nf4) 27... Kxe5 (27... Bxe5 $16 28. Nxd3 Nf7) 28. Nxd3+ Ke4 (28... Kd6 {keeps fighting.} 29. Bf4+ Kd7) 29. Ke2 Re8 30. Rd1 {[%emt 0:02:35] And now Nc5+ would win.} Kd4+ 31. Kf1 Kc4 32. Nf4 h4 (32... Ng8 $142 33. b3+ Kc3) 33. Rd7 Bd4 34. b3+ Kc3 35. Ne2+ Rxe2 36. Kxe2 hxg3 37. fxg3 f4 38. Bd2+ Kb2 39. Rxd4 fxg3 40. Bxh6 {[%emt 0:00:08] Weighted Error Value: White=0.09 (flawless) /Black=0.54} 1-0

[Event "3rd VIZAG GM-Open 2022"]
[Site "Visakapatnam"]
[Date "2022.06.13"]
[Round "2.6"]
[White "Mayank Chakraborty"]
[Black "Mitrabha, Guha"]
[Result "1-0"]
[ECO "C70"]
[WhiteElo "2015"]
[BlackElo "2500"]
[Annotator "TA"]
[PlyCount "139"]
[EventDate "2022.06.13"]
[EventType "swiss"]
[EventCountry "IND"]
[SourceTitle "playchess.com"]
[Source "ChessBase"]
[SourceQuality "1"]
[TimeControl "5400+30"]

1. e4 e5 2. Nf3 Nc6 3. Bb5 a6 4. Ba4 Bc5 5. O-O d6 6. d4 {[%emt 0:02:16] C70: Ruy Lopez: 3...a6 4 Ba4, Norwegian and Delayed Schliemann.} b5 (6... exd4 $11 {keeps the balance.} 7. Nxd4 Nge7) 7. dxc5 $16 bxa4 {[%emt 0:00:02] [#]} 8. Nc3 $146 {[%emt 0:04:18] White is better.} ({Predecessor:} 8. cxd6 Qxd6 9. Qxd6 cxd6 10. Rd1 Ke7 11. Nc3 Bd7 12. a3 Na7 13. Nd5+ Kd8 14. Nb6 Rb8 15. Rxd6 {1-0 (15) De Borba,G (1718)-Ruiz,J Montevideo 2014}) 8... Nge7 9. cxd6 ({Don't play} 9. Nxa4 d5 $14) 9... cxd6 10. h3 O-O 11. Nxa4 Bb7 12. Be3 f5 13. Ng5 {[%emt 0:05:26] White is more active.} Rf6 {[%emt 0:19:12] Inhibits Ne6.} (13... f4 $16) 14. c3 $18 Rb8 15. Qb3+ ({Not} 15. Qh5 h6 $11) 15... d5 {[%emt 0:00:55] [#]} 16. Bb6 Qd7 17. Nc5 Qd6 18. exd5 Nxd5 (18... Qxd5 19. Nd7 Qxb3 20. axb3 Rg6) 19. Bc7 $2 Qxc5 $16 20. Bxb8 Na5 (20... Qb5 $16) 21. Qa4 $18 Bc6 {[%emt 0:05:55] [#]} 22. b4 (22. Ba7 $1 $18 {[%cal Oa4h4][%mdl 512] Threatens to win with Qh4!} Bxa4 23. Bxc5) 22... Bxa4 $16 23. bxc5 e4 (23... Nc6 $16) 24. Be5 $18 Rg6 25. h4 Nc4 {[%emt 0:00:11] [#]} (25... Nc6 $142) 26. Rfd1 $1 Bc6 {[%emt 0:00:46] [#]} (26... Bxd1 27. Rxd1) 27. Rxd5 Bxd5 28. Rd1 h6 29. Rxd5 hxg5 30. hxg5 {[%emt 0:00:28][%mdl 4096] Endgame KRB-KRN} Rc6 31. Bd4 g6 32. Rd7 Kf8 33. Kf1 Ke8 34. Rb7 Kd8 35. Ke2 Kc8 36. Rb4 Na5 37. f3 exf3+ 38. Kxf3 Re6 39. Kf2 Nc6 40. Rb6 a5 41. Rb1 Re4 42. Re1 Rf4+ 43. Kg3 (43. Kg1 $18) 43... Rg4+ $14 44. Kf3 {[%emt 0:00:10] Re6 is the strong threat.} Kd7 {[%emt 0:00:06][%mdl 8192] Against Re6. White now steadily converts the win.} (44... Rxg5 $14 45. Re6 Kb7) 45. Bf6 $18 Ra4 46. Re2 Rc4 47. Rd2+ Kc7 48. Bd4 Nd8 (48... Kd7 {might work better.} 49. Bh8+ Kc7) 49. Kf4 Nc6 50. g4 fxg4 51. Kxg4 Kd7 $2 (51... Nxd4 52. cxd4 Kc6) 52. Kf4 {[%emt 0:00:19] White is clearly winning.} Ke6 53. Ke4 Ne7 54. Rb2 {[%emt 0:00:58] Strongly threatening Rb6+.} Ra4 55. Rb6+ Kd7 56. Ke5 {[%emt 0:01:34] And now Rb7+ would win.} Nc6+ 57. Kf6 Rxa2 58. Kxg6 a4 59. Bf6 a3 60. Ra6 Ra1 61. Kf7 {[%emt 0:00:46] aiming for g6.} a2 62. c4 ({Less strong is} 62. g6 Rf1 $14) 62... Nd8+ 63. Kg8 Rg1 64. c6+ Nxc6 65. Rxa2 {[%emt 0:00:02] Black must now prevent Ra1.} Rg4 66. Kf7 Rf4 67. Rd2+ Kc8 68. Rd5 Nb8 69. g6 Nd7 {[%emt 0:00:01] [#]} 70. Rxd7 $1 {[%emt 0:00:01] Weighted Error Value: White=0.32/Black=0.40} 1-0

[Event "3rd VIZAG GM-Open 2022"]
[Site "Visakapatnam"]
[Date "2022.06.13"]
[Round "2.7"]
[White "Liyanage, Pesandu Rashmitha"]
[Black "Nigmatov, Ortik"]
[Result "0-1"]
[ECO "B06"]
[WhiteElo "1730"]
[BlackElo "2463"]
[Annotator "TA"]
[PlyCount "72"]
[EventDate "2022.06.13"]
[EventType "swiss"]
[EventCountry "IND"]
[SourceTitle "playchess.com"]
[Source "ChessBase"]
[SourceQuality "1"]
[TimeControl "5400+30"]

1. d4 g6 2. e4 Bg7 3. Nc3 d6 4. Be3 c6 5. g3 b5 6. Bg2 {[%emt 0:01:01] [#] B06: Modern Defence.} b4 $146 ({Predecessor:} 6... Bb7 7. Nge2 a6 8. O-O Nd7 9. f4 Nb6 10. b3 b4 11. Nb1 c5 12. Nd2 Nf6 13. h3 Nfd7 {½-½ (74) Kharchenko,B (2357)-Matjushin,G (2459) Evpatoria 2006}) 7. Na4 Nf6 8. h3 {[%emt 0:03:14] White is slightly better.} O-O 9. Qd2 a5 10. a3 Na6 11. Ne2 Bb7 12. O-O c5 13. d5 Nd7 14. f4 Nb6 15. Nxb6 Qxb6 16. Rab1 Nc7 17. a4 b3 18. c3 f5 19. g4 fxe4 20. Bxe4 e6 21. f5 $1 exd5 22. Bg2 Rae8 {[%emt 0:19:36] Hoping for ...gxf5.} 23. fxg6 hxg6 {[%emt 0:00:05][%cal Od5d4] [#] And now ...d4! would win.} 24. Nf4 $2 {[%emt 0:00:00][%mdl 8192] Loses the game.} (24. Bh6 $17 {is more resistant.}) 24... d4 $19 25. Bxb7 Qxb7 ({Inferior is} 25... Rxe3 26. Nd5 Qxb7 27. Nxe3 $19) 26. Bf2 Qe4 27. Bh4 Qc2 28. Rbd1 (28. Qxc2 $142 bxc2 29. Rbc1 Rxf4 30. Rxf4) 28... Qxd2 {[%emt 0:02:57] Black is clearly winning.} 29. Rxd2 dxc3 30. bxc3 Bxc3 31. Rxd6 Be5 32. Rxg6+ Kh7 33. Bg5 Bxf4 34. Rh6+ Kg7 35. Rc6 Bxg5 36. Rxc7+ Re7 {[%emt 0:00:09] Weighted Error Value: White=0.90/Black=0.10 (very precise)} 0-1

[Event "3rd VIZAG GM-Open 2022"]
[Site "Visakapatnam"]
[Date "2022.06.13"]
[Round "2.8"]
[White "Stupak, Kirill"]
[Black "Priyankara, Chamil"]
[Result "1-0"]
[ECO "D71"]
[WhiteElo "2440"]
[BlackElo "1938"]
[Annotator "TA"]
[PlyCount "45"]
[EventDate "2022.06.13"]
[EventType "swiss"]
[EventCountry "IND"]
[SourceTitle "playchess.com"]
[Source "ChessBase"]
[SourceQuality "1"]
[TimeControl "5400+30"]

1. d4 Nf6 2. g3 d5 3. Bg2 c6 4. c4 g6 5. Qa4 Bg7 6. cxd5 {[%emt 0:00:05] D71: Fianchetto Grünfeld: 3 g3 d5 sidelines and 5 cxd5 (without Nf3).} O-O 7. dxc6 Nxc6 8. Nf3 {[%emt 0:00:04] White has an edge.} Nd5 9. O-O Nb6 10. Qa3 a5 11. Nc3 {[%emt 0:05:46] [#]} Be6 $146 ({Predecessor:} 11... Nb4 12. Qb3 Be6 13. Qd1 Qd7 14. Ne5 Bxe5 15. dxe5 Qc7 16. Bg5 Nc4 17. Qc1 Rac8 {1-0 (31) Kopylov,M (2393)-Schwab,T (2004) Magdeburg 2020}) 12. Rd1 {[%emt 0:13:13][%cal Od4d5] Hoping for d5!} Nb4 {[%emt 0:00:54] Prevents d5. Threatens to win with ...Nc2.} 13. Ne1 {[%emt 0:01:56] Against Nc2} Nc4 {[%emt 0:05:17] [#]} 14. Qa4 b5 (14... Rc8 $14) 15. Qxb5 $16 Rb8 16. Qg5 Bxd4 $2 {[%emt 0:00:39][%mdl 8192] Loses the game.} (16... h6 $16 {is tougher.} 17. Qf4 g5) 17. Qh4 Bxc3 (17... Bxf2+ 18. Kxf2 Qb6+ 19. Qd4 Qxd4+ 20. Rxd4 Rbc8) 18. Rxd8 $18 {[%emt 0:00:10] White is clearly winning.} Rfxd8 19. bxc3 Rd1 20. cxb4 Rxe1+ 21. Bf1 Rxb4 22. Qxe7 {[%emt 0:00:52][%cal Oc1h6] [#] Bh6! would kill now.} Rb8 23. Qf6 {[%emt 0:00:30] Weighted Error Value: White=0.04 (flawless) /Black=0.67} 1-0

[Event "3rd VIZAG GM-Open 2022"]
[Site "Visakapatnam"]
[Date "2022.06.13"]
[Round "2.9"]
[White "Pawar, Harshit"]
[Black "Mirzoev, Azer"]
[Result "1/2-1/2"]
[ECO "D02"]
[WhiteElo "1961"]
[BlackElo "2476"]
[Annotator "TA"]
[PlyCount "128"]
[EventDate "2022.06.13"]
[EventType "swiss"]
[EventCountry "IND"]
[SourceTitle "playchess.com"]
[Source "ChessBase"]
[SourceQuality "1"]
[TimeControl "5400+30"]

1. d4 d5 2. Nf3 Nf6 3. Bf4 Nh5 4. Bc1 e6 {[%emt 0:00:45] [#]} 5. g3 $146 ({Predecessor:} 5. c4 Be7 6. Nc3 O-O 7. e3 Nf6 8. Bd3 dxc4 9. Bxc4 c5 10. O-O Nc6 11. dxc5 Bxc5 12. a3 a6 13. b4 Be7 14. Bb2 b5 15. Bb3 Bb7 16. Qe2 Rc8 17. Rfd1 Qc7 18. h3 Rfd8 19. Rac1 Rxd1+ 20. Rxd1 Rd8 21. Rd3 h6 22. Bc2 Rxd3 23. Qxd3 {½-½ (54) Le,T (2514)-Andreikin,D (2724) Chess.com INT 2021}) 5... c5 6. c3 {[%emt 0:01:04] D02: 1 d4 d5 2 Nf3 sidelines, including 2...Nf6 3 g3 and 2...Nf6 3 Bf4.} Nc6 7. Bg2 Be7 8. O-O O-O 9. Ne5 Nf6 10. Nxc6 bxc6 11. dxc5 Bxc5 12. Qa4 Qb6 13. b4 Be7 14. Be3 Qa6 15. Qxa6 Bxa6 16. Bf3 c5 17. a3 e5 18. Re1 e4 19. Bg2 Ng4 20. Bf4 g5 21. Bd2 f5 22. a4 cxb4 (22... f4 $17 23. f3 cxb4 $1 24. cxb4 (24. fxg4 b3 $17) 24... Bf6) 23. cxb4 $15 d4 24. Na3 Rac8 25. h3 Ne5 (25... e3 $17 26. fxe3 dxe3) 26. Ra2 (26. g4 $15) 26... d3 27. exd3 Nxd3 (27... Bxd3 {looks sharper.} 28. g4 a5 29. bxa5 fxg4 30. hxg4 Bc5) 28. Rb1 Bb7 29. Rc2 (29. Nb5 $1 $15) 29... f4 30. gxf4 (30. Rxc8 $17 Rxc8 31. h4) 30... gxf4 $19 31. Bf1 Rf6 (31... Ne5 $17 32. Bg2 Nd3) 32. Rxc8+ $15 Bxc8 33. Bxd3 (33. Nc4 $15) 33... exd3 $17 34. Nc4 Rg6+ 35. Kh2 f3 36. Rg1 {[%emt 0:00:24] Prevents Rg2+.} Rxg1 37. Kxg1 Bxh3 $15 {[%emt 0:00:11][%mdl 4096] Endgame KBB-KBN} 38. Ne5 Bf5 $1 39. Nxf3 Kf7 40. Ne5+ Ke6 41. Nc6 Bf6 42. Nxa7 Kd5 43. b5 Kc4 {[%emt 0:01:39] Hoping for ...Bc3.} 44. b6 Be4 {[%emt 0:00:26] Prevents Nc6. Black wants to play ...Be5.} 45. Nb5 {[%emt 0:00:17] [#] aiming for Nd6+.} Kc5 {[%emt 0:02:06] Against Nd6} (45... Be7 $1 $17 {Strongly threatening ...Bb7.} 46. Nc3 Bb7) 46. Be3+ $11 Kc6 $1 47. f4 {[%emt 0:00:43][%cal Ob6b7] Threatens to win with b7!} Be7 {[%emt 0:02:15] A strong pair of Bishops.} 48. Kf2 h5 49. Nc3 Bf5 50. a5 {[%emt 0:00:35] Black must now prevent a6.} Bc8 51. Ne4 h4 52. Ng5 Bb4 53. Nf3 {[%emt 0:00:15] Against d2} Kb5 54. Nxh4 d2 55. Bxd2 Bxd2 56. Kf3 Bxa5 {[%emt 0:00:07] And now ...Bb7+ would win.} 57. f5 Bc3 ({Of course not} 57... Bxb6 $6 58. f6 $17) 58. Kf4 Bf6 59. Nf3 Kxb6 60. Nd2 Kc7 $2 (60... Kc6 61. Ne4 Bb2) 61. Ne4 Bb2 $2 ({Black should play} 61... Bd4 62. Ng5 Kd6 63. Nf7+ Ke7) 62. Kg5 Kd8 $2 ({Better is} 62... Bb7 63. Nc5 Bc6) 63. f6 $1 Bb7 64. Nd6 Bd5 {[%emt 0:00:17] Weighted Error Value: White=0.08 (flawless) /Black=0.20 (precise)} 1/2-1/2

[Event "3rd VIZAG GM-Open 2022"]
[Site "Visakapatnam"]
[Date "2022.06.13"]
[Round "2.11"]
[White "Priansh Das"]
[Black "Azaladze, Shota"]
[Result "0-1"]
[ECO "B06"]
[WhiteElo "1754"]
[BlackElo "2420"]
[Annotator "TA"]
[PlyCount "192"]
[EventDate "2022.06.13"]
[EventType "swiss"]
[EventCountry "IND"]
[SourceTitle "playchess.com"]
[Source "ChessBase"]
[SourceQuality "1"]
[TimeControl "5400+30"]

1. e4 g6 2. Nf3 Bg7 3. d4 c6 4. c3 d6 5. h3 Nd7 6. Bf4 {[%emt 0:00:42] B06: Modern Defence.} e5 7. dxe5 dxe5 8. Bg3 {[%emt 0:01:10] [#]} (8. Be3 $1 $14) 8... Qe7 $146 ({Predecessor:} 8... Qc7 9. Bd3 Ngf6 10. Nbd2 O-O 11. O-O Re8 12. Re1 b5 13. a4 Nc5 14. Bc2 Bb7 {0-1 (41) Bensch,W (1694)-Nopp,J (1775) Berlin 2010}) 9. a4 Ngf6 10. Qc2 Nh5 11. Bh2 (11. Bh4 $5 f6 12. Nbd2 $15) 11... O-O 12. Bc4 b6 13. Nbd2 a6 14. b4 Bb7 15. O-O b5 16. Bb3 c5 17. axb5 axb5 18. bxc5 Nxc5 19. Bd5 Nf4 20. Bxf4 exf4 21. Nd4 Bxd5 22. exd5 Qd7 23. N2f3 Qxd5 24. Nxb5 {[%emt 0:01:23] Pair of Knights!} Qc4 25. Nbd4 Rac8 26. Rfd1 Rfe8 27. Re1 Red8 28. Red1 Bf6 29. Ra7 Re8 (29... Na6 {with more complications.} 30. Nf5 gxf5 31. Rxd8+ Rxd8 32. Qxf5 Bg7) 30. Qd2 Re4 (30... g5 {is interesting.} 31. Nf5 Ne4 32. Qd3 Qxd3 33. Rxd3 Ra8) 31. Qa2 {[%emt 0:00:52] Prevents Na4.} Qxa2 32. Rxa2 Re7 33. Rda1 (33. Ne2 $11) 33... Ne4 $17 34. Ra8 Rxa8 35. Rxa8+ Kg7 36. Ne2 Rb7 ({Don't play} 36... Nxc3 $6 37. Nxf4 Rb7 38. g3 $11) 37. Nxf4 Rb1+ $1 38. Kh2 Nxf2 {[%emt 0:00:00] Strongly threatening ...Rh1+.} 39. Nd5 Rh1+ 40. Kg3 Ne4+ 41. Kf4 Nxc3 42. Nxc3 Bxc3 $15 {[%emt 0:00:00][%mdl 4096] Endgame KRB-KRN} 43. Ra7 h6 44. Rc7 Bb4 45. Rd7 {[%emt 0:00:26] Prevents Bd6+.} Kf6 46. Rb7 Bd6+ 47. Ke3 Ra1 48. Rb6 Ke7 {[%emt 0:00:00] [#] White must now prevent ...Bc5+.} 49. Rb7+ Ke6 50. Rb2 Bc5+ 51. Ke2 f6 52. Rc2 Kd5 {[%emt 0:00:00] Black is more active.} 53. Rd2+ Ke6 54. Rc2 Bd6 55. Nd4+ Kd5 56. Nf3 Bf4 57. Kf2 h5 58. g4 hxg4 59. hxg4 g5 {[%emt 0:00:00] Inhibits Nh4.} ({Black should try} 59... Ra4 $17 60. Rb2 g5) 60. Rb2 {[%emt 0:00:29] [#]} ({White should play} 60. Ng1 $1 $15) 60... Ra4 $1 $19 61. Rb5+ $2 (61. Kg2 $17) 61... Ke4 62. Rb2 {[%emt 0:00:12] Prevents Ra2.} Bd6 (62... Be5 $142 63. Rc2 Kf4) 63. Rd2 $2 (63. Kg2) 63... Be5 64. Rc2 Rb4 65. Ra2 Kf4 66. Nh2 Ke4 (66... Bd4+ $142 67. Ke2 Bg1) 67. Nf3 Bc7 68. Ne1 Kd5 69. Ng2 $2 {[%emt 0:00:30] Prevents Rf4+.} (69. Rd2+ Kc6 70. Re2) 69... Bb6+ 70. Ke2 (70. Kf3 {was called for.} Rb3+ 71. Ke2) 70... Rxg4 71. Kf3 Rb4 72. Rd2+ Ke6 {[%emt 0:00:00] ...f5 is the strong threat.} 73. Rd3 Rb2 74. Ra3 f5 (74... g4+ $142 75. Kxg4 Rxg2+ 76. Kf3 Rf2+ 77. Kg3 Rb2) 75. Ra6 Ke5 76. Ra3 Kf6 77. Rc3 Bf2 (77... Bd4 $142 78. Rc6+ Ke5 79. Rc1 Rf2+ 80. Kg3 f4+ 81. Nxf4 gxf4+ 82. Kg4 Rg2+ 83. Kf3 Rg3+ 84. Ke2 Ke4 85. Rh1 f3+ 86. Kd2 Rg2+ 87. Kc1 f2 88. Rh4+ Kd3 89. Rh3+ Be3+ 90. Rxe3+ Kxe3 91. Kb2 f1=Q+ 92. Kc3 Qc1+ 93. Kb4 Rb2+ 94. Ka5 Qa1#) 78. Rc4 Ba7 {[%emt 0:00:00] ( -> ...g4+)} 79. Rc6+ Ke5 80. Rc3 Kd4 (80... g4+ $142 81. Kg3 Bf2+ 82. Kh2 f4 83. Ra3 f3 84. Ra8 Bd4 85. Re8+ Kd5 86. Rd8+ Ke4 87. Re8+ Be5+ 88. Kg1 Rxg2+ 89. Kf1 g3 90. Ke1 Rb2 91. Rg8 f2+ 92. Kf1 Rb1+ 93. Ke2 f1=Q+ 94. Kd2 Qg2#) 81. Rc8 g4+ 82. Kg3 Bb8+ {[%emt 0:00:00] Black mates.} 83. Kh4 Rxg2 84. Rxb8 {[%emt 0:00:05] KR-KR} f4 85. Rb4+ Ke3 86. Rb3+ Kf2 87. Rb1 f3 88. Ra1 Ke3 89. Ra3+ Ke4 90. Ra4+ Kf5 91. Ra5+ Ke6 92. Ra6+ Kd7 93. Ra7+ Kc6 94. Ra6+ Kb5 95. Rf6 f2 96. Rf4 g3 {[%emt 0:00:00] Weighted Error Value: White=0.12 (very precise) /Black=0.08 (flawless)} 0-1